Map: Pride of Altaris LE

Players

SKillous

  • Race: Protoss Protoss
  • League: Master

DRG - Winner!

  • Race: Zerg Zerg

VOD

Have the link to the VOD?

Description

Time

  • Played on: Oct. 21, 2021, 10:12 a.m.
  • Length: 14:47
Show
View Real Time Build Order
Export as new Build Order

SKillous Protoss 

Build Orders: 1 Gate Expand, Oracle Opening 

Get SALT Encoding   

  12  0:00  Probe  
  13  0:12  Probe  
  14  0:18  Pylon  
  14  0:24  Probe  
  15  0:39  Probe (Chrono Boost), Gateway  
  16  0:44  Assimilator  
  16  0:49  Probe (Chrono Boost)  
  17  0:54  Probe (Chrono Boost)  
  18  1:06  Probe  
  19  1:20  Probe  
  20  1:26  Nexus  
  20  1:35  Cybernetics Core  
  20  1:37  Probe  
  21  1:43  Assimilator  
  21  1:49  Probe  
  21  1:53  Pylon  
  22  2:01  Probe  
  23  2:09  Adept (Chrono Boost)  
  23  2:13  Probe  
  26  2:18  Stargate  
  26  2:25  Probe, Warp Gate  
  26  2:29  Adept (Chrono Boost)  
  29  2:38  Probe (Chrono Boost)  
  31  2:44  Probe (Chrono Boost)  
  31  2:47  Probe (Chrono Boost)  
  33  2:51  Probe (Chrono Boost)  
  33  2:52  Adept  
  33  2:53  Probe  
  33  2:56  Void Ray (Chrono Boost)  
  36  3:02  Probe  
  41  3:07  Probe  
  41  3:12  Pylon  
  42  3:14  Probe  
  43  3:21  Probe  
  43  3:26  Probe  
  45  3:33  Probe  
  46  3:34  Gateway  
  46  3:36  Oracle  
  46  3:38  Probe  
  50  3:45  Probe  
  51  3:50  Probe  
  50  3:57  Nexus  
  50  4:00  Probe (Chrono Boost)  
  50  4:02  Pylon  
  51  4:03  Probe (Chrono Boost)  
  51  4:09  Assimilator  
  53  4:10  Assimilator  
  53  4:13  Probe (Chrono Boost)  
  53  4:14  Probe (Chrono Boost)  
  52  4:18  Probe (Chrono Boost)  
  52  4:22  Fleet Beacon  
  53  4:29  Probe x2 (Chrono Boost)  
  55  4:33  Pylon  
  57  4:39  Stargate, Probe (Chrono Boost)  
  57  4:40  Probe (Chrono Boost)  
  57  4:44  Probe  
  57  4:49  Probe  
  57  4:52  Forge  
  56  4:56  Probe  
  57  5:00  Shield Battery  
  57  5:04  Adept x2  
  57  5:06  Probe (Chrono Boost)  
  62  5:10  Tempest (Chrono Boost)  
  68  5:14  Probe (Chrono Boost)  
  68  5:20  Probe (Chrono Boost)  
  70  5:24  Probe (Chrono Boost)  
  70  5:25  Probe (Chrono Boost)  
  75  5:29  Tempest (Chrono Boost)  
  75  5:31  Probe  
  75  5:32  Probe  
  75  5:33  Probe  
  77  5:38  Pylon  
  77  5:41  Assimilator x2  
  77  5:43  Probe  
  77  5:44  Probe  
  77  5:45  Probe  
  77  5:46  Tempest (Chrono Boost)  
  85  5:55  Probe, Photon Cannon  
  85  5:56  Probe  
  83  5:57  Probe  
  89  6:04  Tempest (Chrono Boost)  
  89  6:06  Pylon  
  89  6:08  Pylon  
  89  6:13  Twilight Council, Probe  
  89  6:15  Probe  
  89  6:17  Shield Battery  
  91  6:20  Pylon  
  91  6:21  Tempest (Chrono Boost)  
  96  6:27  Protoss Ground Weapons Level 1 (Chrono Boost)  
  96  6:28  Probe x2  
  98  6:32  Pylon  
  98  6:40  Probe, Charge  
  98  6:46  Robotics Facility  
  103  6:51  Gateway  
  103  6:52  Unknown  
  103  6:54  Templar Archives, Gateway  
  99  6:57  Void Ray  
  99  6:58  Gateway  
  99  7:00  Gateway  
  103  7:09  Gateway  
  103  7:10  Gateway  
  103  7:12  Pylon  
  103  7:19  Zealot  
  103  7:20  Zealot  
  107  7:27  Protoss Air Weapons Level 1 (Chrono Boost)  
  103  7:30  Probe, Warp Prism (Chrono Boost)  
  103  7:33  Probe  
  101  7:41  Probe, Zealot x2  
  106  7:47  Pylon, Photon Cannon  
  106  7:53  Shield Battery  
  106  7:54  Photon Cannon  
  106  7:55  Probe  
  107  7:59  High Templar x4  
  107  8:03  Archon  
  107  8:04  Archon  
  107  8:05  Zealot  
  117  8:08  Pylon  
  117  8:11  Pylon  
  117  8:12  Nexus  
  117  8:15  Pylon  
  117  8:22  Protoss Ground Weapons Level 2 (Chrono Boost)  
  117  8:24  High Templar x2  
  117  8:25  Zealot  
  123  8:29  Archon  
  123  8:31  Gateway x2  
  123  8:35  Gateway  
  123  8:38  Zealot x3  
  115  8:52  Probe x3  
  107  8:56  Photon Cannon  
  107  8:59  Photon Cannon x2  
  107  9:01  Blink (Chrono Boost)  
  105  9:03  Photon Cannon  
  105  9:05  Probe  
  105  9:06  Photon Cannon  
  106  9:10  Probe  
  106  9:11  Photon Cannon  
  106  9:14  Photon Cannon  
  106  9:16  High Templar x2  
  105  9:17  High Templar  
  105  9:18  High Templar  
  105  9:23  Shield Battery  
  109  9:25  Pylon  
  109  9:29  High Templar  
  109  9:30  High Templar  
  113  9:31  Assimilator  
  113  9:36  Zealot, Assimilator  
  113  9:37  Zealot  
  117  9:39  Zealot  
  117  9:44  Probe x3  
  117  9:45  Probe  
  123  9:47  High Templar  
  123  9:48  High Templar  
  123  9:49  Zealot  
  123  9:52  Archon  
  125  9:56  Shield Battery, Archon x3  
  125  9:57  Shield Battery, Zealot x2  
  127  10:06  Zealot x4  
  115  10:15  Probe x2  
  115  10:16  Pylon  
  117  10:24  Probe x2  
  117  10:27  Probe x2  
  121  10:30  High Templar  
  121  10:31  High Templar x3  
  129  10:35  Archon  
  129  10:36  Archon, Probe x2, Photon Cannon  
  129  10:40  Stalker x3  
  137  10:43  Protoss Ground Weapons Level 3 (Chrono Boost)  
  137  10:52  Zealot  
  139  11:05  Observer, Nexus  
  139  11:06  Pylon  
  138  11:13  Robotics Bay  
  138  11:18  Stalker x2  
  137  11:23  Stalker  
  137  11:24  Stalker x2  
  134  11:35  Robotics Facility  
  134  11:40  Probe x2  
  134  11:44  Zealot x4  
  142  11:57  Disruptor (Chrono Boost)  
  142  11:58  Probe x2  
  147  12:06  Stalker x4  
  147  12:07  Stalker  
  129  12:23  Pylon  
  129  12:24  Nexus  
  129  12:26  Pylon  
  125  12:38  Disruptor x2 (Chrono Boost)  
  131  12:46  Pylon  
  131  12:49  High Templar x4  
  131  12:50  Sentry x2  
  141  12:53  Archon x2  
  141  13:03  Pylon  
  141  13:05  Pylon  
  141  13:21  Pylon  
  141  13:24  Stalker x2  
  141  13:25  Stalker x2  
  127  13:47  Stalker x4  
  75  14:11  Zealot x3  
  75  14:12  Zealot x4  
Show
View Real Time Build Order
Export as new Build Order

DRG Zerg - Winner!

Build Orders: Hatch First 

Get SALT Encoding   

  12  0:00  Drone  
  13  0:12  Overlord  
  13  0:17  Drone  
  14  0:30  Drone x2  
  14  0:34  Drone  
  17  0:51  Hatchery  
  17  0:54  Drone  
  17  0:57  Drone  
  18  1:08  Extractor  
  17  1:12  Spawning Pool  
  17  1:15  Drone  
  17  1:18  Drone  
  18  1:28  Drone  
  19  1:38  Drone  
  20  1:49  Overlord  
  20  1:59  Queen  
  22  2:03  Queen, Zergling x2  
  22  2:04  Zergling x2  
  26  2:11  Drone  
  26  2:12  Metabolic Boost  
  26  2:14  Drone  
  28  2:23  Drone  
  28  2:25  Drone  
  30  2:32  Drone  
  30  2:35  Hatchery  
  30  2:36  Drone  
  31  2:43  Queen  
  33  2:48  Overlord  
  33  2:51  Drone  
  34  2:53  Drone  
  34  2:57  Drone  
  36  3:04  Overlord  
  36  3:08  Zergling x4  
  36  3:09  Drone x2  
  40  3:13  Queen  
  40  3:17  Drone  
  43  3:20  Drone  
  43  3:23  Queen  
  45  3:27  Drone  
  45  3:28  Drone  
  47  3:38  Overlord  
  47  3:40  Drone  
  48  3:44  Drone x3  
  51  3:49  Drone  
  51  3:52  Drone x3  
  51  3:54  Drone x2, Evolution Chamber  
  55  3:57  Queen  
  55  4:00  Drone  
  55  4:02  Spore Crawler  
  56  4:08  Drone  
  57  4:12  Spore Crawler  
  57  4:13  Overlord  
  57  4:15  Zergling x4  
  58  4:19  Overlord  
  58  4:22  Zerg Melee Weapons Level 1  
  58  4:23  Overlord  
  58  4:29  Overlord  
  58  4:32  Drone x7  
  58  4:34  Drone  
  66  4:39  Drone x3  
  66  4:41  Drone  
  66  4:44  Drone  
  71  4:47  Drone x2  
  71  4:49  Drone x3  
  71  4:51  Spore Crawler  
  75  4:54  Baneling Nest  
  75  4:57  Extractor  
  75  4:58  Drone x2  
  75  4:59  Drone  
  76  5:04  Drone  
  76  5:05  Drone x2, Roach Warren  
  78  5:09  Drone x4  
  78  5:12  Drone x2  
  78  5:13  Drone  
  84  5:15  Drone, Extractor  
  84  5:16  Extractor  
  84  5:17  Extractor  
  84  5:18  Lair  
  84  5:20  Drone, Extractor  
  82  5:24  Drone x3  
  85  5:33  Drone, Queen  
  85  5:35  Overlord x2  
  88  5:38  Overlord  
  88  5:43  Overlord  
  88  5:45  Queen  
  87  5:50  Drone, Overlord  
  87  5:51  Overlord  
  87  6:01  Overlord  
  87  6:02  Overlord  
  87  6:04  Zergling x6  
  89  6:11  Queen  
  92  6:20  Hatchery  
  92  6:21  Queen  
  92  6:22  Queen  
  95  6:26  Zerg Melee Weapons Level 2  
  95  6:28  Spire  
  94  6:33  Zergling x8  
  97  6:41  Overlord x2  
  97  6:44  Zergling x20  
  97  6:47  Queen  
  106  6:50  Zergling x10  
  113  6:57  Zergling x4  
  116  7:02  Queen x2  
  116  7:07  Hatchery  
  110  7:35  Queen  
  109  7:38  Queen x2  
  109  7:41  Corruptor x10  
  130  7:48  Corruptor x2  
  132  7:54  Corruptor x2  
  134  8:00  Zergling x10  
  134  8:03  Centrifugal Hooks  
  139  8:07  Overlord  
  139  8:08  Zergling x4  
  139  8:11  Zergling x6  
  143  8:14  Zergling x4  
  143  8:15  Zergling x2  
  143  8:18  Zergling x4  
  143  8:19  Zergling x2  
  149  8:23  Zergling x4  
  149  8:24  Zergling x6  
  149  8:25  Baneling  
  149  8:26  Baneling x3  
  154  8:28  Zergling x4  
  154  8:33  Baneling  
  154  8:34  Baneling x7, Zergling x2  
  156  8:41  Zergling x8  
  154  8:52  Drone x10  
  163  9:02  Zerg Ground Armor Level 1  
  163  9:06  Drone x4  
  167  9:15  Infestation Pit  
  167  9:16  Zergling x10  
  167  9:23  Overlord x2  
  167  9:24  Overlord  
  167  9:28  Hatchery  
  166  9:31  Overlord x2  
  166  9:32  Overlord  
  166  9:34  Zergling x4  
  166  9:38  Baneling x19  
  168  9:40  Overlord  
  168  9:45  Zergling x12  
  173  9:50  Zergling x10  
  149  10:19  Zergling x2  
  149  10:20  Zergling x22  
  161  10:25  Glial Reconstitution  
  161  10:26  Roach x8  
  174  10:31  Roach x8  
  190  10:37  Roach  
  192  10:48  Roach  
  192  10:49  Roach x2  
  198  10:53  Baneling x20  
  198  10:57  Overseer  
  198  10:58  Overseer  
  198  11:03  Baneling x14  
  198  11:04  Baneling x17  
  197  11:12  Hive  
  197  11:13  Zerg Ground Armor Level 2  
  197  11:15  Evolution Chamber  
  191  11:22  Zergling x18  
  196  11:26  Zergling x8  
  196  11:31  Zergling x2  
  199  11:44  Baneling x9  
  199  11:45  Baneling x3  
  199  11:47  Zerg Missile Weapons Level 1  
  197  12:04  Extractor  
  193  12:11  Roach  
  193  12:12  Roach x7  
  193  12:14  Zergling x2  
  193  12:23  Zergling x14  
  193  12:29  Zergling x12  
  198  12:34  Ravager x2  
  200  12:43  Adrenal Glands  
  199  12:45  Ultralisk Cavern  
  198  12:54  Zergling x4  
  200  13:01  Baneling x7  
  200  13:02  Baneling x20  
  200  13:04  Hatchery  
  199  13:07  Overseer  
  197  13:21  Greater Spire  
  197  13:22  Extractor  
  197  13:23  Extractor x2  
  197  13:25  Zergling x14  
  169  13:43  Ultralisk  
  169  13:45  Zergling x94  
  169  13:48  Zergling x8  
  199  13:54  Ultralisk  
  189  13:56  Zergling x22  
  186  14:05  Zergling x18  
  179  14:12  Zergling x12  
Tags
 
Add a new tag
Caveats
  • Supply blocks, unpowered buildings, or Contaminate may cause inaccurate times.
  • Supply counts are checked every 10 seconds.